 Dungeon Crawl Stone Soup version 0.19.5 (webtiles) character file.

107 McKennaii the Skirmisher (level 4, -3/37 HPs)
             Began as a Demonspawn Abyssal Knight on Apr 29, 2017.
             Was a Believer of Lugonu.
             Slain by Sigmund
             ... wielding a +0 scythe
              (12 damage)
             ... on level 2 of the Dungeon.
             The game lasted 00:05:59 (2271 turns).

McKennaii the Skirmisher (DsAK)                     Turns: 2271, Time: 00:06:00

Health: -3/37      AC:  9    Str: 12    XL:     4   Next: 56%
Magic:  5/5        EV: 11    Int: 13    God:    Lugonu [**....]
Gold:   143        SH:  0    Dex: 14    Spells: 0 memorised, 3 levels left

rFire  . . .     SeeInvis .     a - +1 falchion
rCold  . . .     Gourm    .     b - +0 leather armour
rNeg   . . .     Faith    .     (no shield)
rPois  .         Spirit   .     (no helmet)
rElec  .         Reflect  .     (no cloak)
rCorr  .         Harm     .     (no gloves)
MR     .....                    (no boots)
Stlth  +.........               (no amulet)
                                i - ring of wizardry
                                s - ring of flight

@: sanguine armour
A: powered by death 1, sanguine armour 1
a: Depart the Abyss, Bend Space, Renounce Religion, Evoke Flight


You were on level 2 of the Dungeon.
You worshipped Lugonu.
Lugonu was pleased with you.
You were hungry.

You visited 1 branch of the dungeon, and saw 2 of its levels.
You visited the Abyss 1 time.

You collected 143 gold pieces.

Inventory:

Hand Weapons
 a - a +1 falchion (weapon)
Armour
 b - a +0 leather armour (worn)
Jewellery
 i - a ring of wizardry (right hand)
 m - an uncursed ring of ice
 s - a ring of flight (left hand)
Scrolls
 d - 3 scrolls of identify
 e - a scroll of remove curse
 f - 3 scrolls of enchant armour {unknown}
 l - 2 scrolls of teleportation {unknown}
 t - a scroll of amnesia {unknown}
 u - a scroll of noise {unknown}
Potions
 j - a potion of haste
 k - a potion of lignification {unknown}
 o - a potion of heal wounds {unknown}
 p - a potion of magic {unknown}
 r - 2 potions of curing {unknown}
Comestibles
 c - 2 bread rations
 g - 2 meat rations
 h - a fruit
 q - a slice of pizza


   Skills:
 + Level 3.8 Fighting
 + Level 3.0 Long Blades
 + Level 2.2 Armour
 + Level 1.4 Dodging
 + Level 0.6 Stealth
 + Level 2.5 Invocations


You had 3 spell levels left.
You didn't know any spells.

Dungeon Overview and Level Annotations

Branches:
Dungeon (2/15)

Altars:
Dithmenos

Annotations:
D:2 Sigmund


Innate Abilities, Weirdness & Mutations

You regenerate a little health from kills.
When seriously injured, your bleeding wounds create armour. (AC +6)


Message History

Sigmund casts a spell at you. The magic dart hits you!
You're too confused!
You're too confused to move!
You're too confused to move!
Sigmund points at you and mumbles some strange words.
You are more confused.
Sigmund hits you but does no damage. The dart slug bites you.
Sigmund casts a spell at you. The magic dart hits you!
* * * LOW HITPOINT WARNING * * *
Sigmund mumbles some strange words.
Sigmund flickers and vanishes!
You feel less confused. Something hits you.
* * * LOW HITPOINT WARNING * * *
There is a stone staircase leading up here.
Something hits you!
You die...

# #.# ##.....###.#.#..#.##......
# #.# #....## #.#.#..#>####.##. #
#.# #.#...###.#.#..#.# #.##. #
#.# #................# #.### #
#.# #.....##......#..# #.#
###.#####..))###.........# #.#
##......†................# #.#
##.#######......w........####.###
........(.......@.....#..........
##.#######...........##.#####.###
#.)# ##.#.....#.###.# #.# #.##
#.#######.# #.# #.# #.# #.#
#.###.# #.# #.# #.# #..##.# #.#
#.# #.# #..##.#####.# #.# #.#
#...........# ..#
#.#######.###########


You could see a dart slug.

Vanquished Creatures
  3 adders (D:2)
  An ooze (D:1)
  A worm (D:2)
  4 dart slugs
  A leopard gecko (D:2)
  A giant cockroach (D:2)
  8 goblins
  13 hobgoblins
  6 jackals
  A ball python (D:2)
  5 bats
  A frilled lizard (D:2)
  8 kobolds
  7 rats
60 creatures vanquished.

Notes
Turn   | Place    | Note
-------+----------+-------------------------------------------
     0 | Abyss:1  | McKennaii the Demonspawn Abyssal Knight began the quest for the Orb.
     0 | Abyss:1  | Reached XP level 1. HP: 18/18 MP: 2/2
    78 | Abyss:5  | Entered Level 5 of the Abyss
   106 | Abyss:5  | Noticed a large abomination
   138 | Abyss:5  | Noticed a starcursed mass
   139 | Abyss:5  | Noticed a large abomination
   140 | D:1      | Escaped the Abyss
   451 | D:1      | Gained mutation: When seriously injured, your bleeding wounds create armour. (AC +6) [demonic ancestry]
   451 | D:1      | Reached XP level 2. HP: 1/24 MP: 3/3
   461 | D:1      | Reached skill level 1 in Dodging
   716 | D:1      | Reached * piety under Lugonu
   938 | D:1      | Gained mutation: You regenerate a little health from kills. [demonic ancestry]
   938 | D:1      | Reached XP level 3. HP: 21/29 MP: 4/4
  1520 | D:2      | Reached XP level 4. HP: 18/36 MP: 5/5
  1547 | D:2      | Noticed Sigmund
  1664 | D:2      | Found a shadowy altar of Dithmenos.
  1758 | D:2      | Reached ** piety under Lugonu
  2271 | D:2      | Slain by Sigmund

Skill      XL: |  1  2  3  4 |
---------------+-------------+-----
Armour         | 2 |  2.2
Dodging        | 1 |  1.4
Long Blades    | 2 3 |  3.0
Fighting       | |  3.8
Stealth        | |  0.6
Invocations    | |  2.5

Action                   |  1- 3 |  4- 6 || total
-------------------------+-------+-------++-------
Melee: Falchion          |   149 |    38 ||   187
Invok: Depart the Abyss  |     1 |       ||     1
  Use: Scroll            |       |     2 ||     2
 Stab: Sleeping          |       |     1 ||     1
  Eat: Chunk             |     2 |     2 ||     4
Armor: Leather armour    |    60 |    13 ||    73
Dodge: Dodged            |   104 |    26 ||   130
       Rpst.: Falchion   |    36 |    12 ||    48
